 Dungeon Crawl Stone Soup version 0.15.2 (webtiles) character file.

202 mrath the Chucker (level 5, 0/39 (49) HPs)
             Began as a Troll Hunter on July 3, 2015.
             Was a Follower of Nemelex Xobeh.
             Incinerated by hexophile's ghost (6 damage)
             ... with a sticky flame
             ... on Level 3 of the Dungeon.
             The game lasted 00:24:10 (1809 turns).

mrath the Chucker (Troll Hunter)                    Turns: 1809, Time: 00:24:10

HP   0/39 (49)   AC  6     Str 21      XL: 5   Next: 50%
MP   0/2         EV 10     Int  7      God: Nemelex Xobeh [*.....]
Gold 174         SH  0     Dex 10      Spells:  0 memorised,  4 levels left

rFire  . . .     SeeInvis .       - Unarmed
rCold  . . .     Clarity  .     d - +1 animal skin
rNeg   . . .     rCorr    .     (shield restricted)
rPois  .         rRot     .     (helmet restricted)
rElec  .         Spirit   +     (no cloak)
SustAb .         Warding  .     (gloves unavailable)
rMut   .         Stasis   .     (boots unavailable)
Gourm  +                        i - amulet of guardian spirit
MR     .....                    (no ring)
                                (no ring)

@: liquid flames, glowing, not resistant to hostile enchantments, very
unstealthy
A: unfitting armour, claws 3, fast metabolism 3, gourmand, regeneration 2,
saprovore 2, shaggy fur 1, tough skin 2
a: Draw One, Renounce Religion


You were on level 3 of the Dungeon.
You worshipped Nemelex Xobeh.
Nemelex Xobeh was aware of your devotion.
You were not hungry.

You visited 1 branch of the dungeon, and saw 3 of its levels.

You collected 174 gold pieces.

Inventory:

Hand weapons
 f - a +0 spear
 j - a +0 club
 l - a +0 spear
 o - a cursed -2 club
 r - a +0 halberd
 t - a +0 spear
Missiles
 e - 8 arrows
 k - 53 stones (quivered)
 n - 5 javelins
 q - 7 tomahawks
 u - a throwing net
Armour
 d - a +1 animal skin (worn)
Comestibles
 a - 5 meat rations
 p - a bread ration
Scrolls
 c - a scroll of teleportation
 v - a scroll of identify
 y - a scroll of remove curse
Jewellery
 i - an amulet of guardian spirit (around neck)
Potions
 b - 2 potions of restore abilities
 s - a potion of curing {unknown}
 w - a potion of agility {unknown}
Miscellaneous
 h - an ornate deck of escape {Velocity}


   Skills:
 + Level 1.9 Fighting
 + Level 5.1 Throwing
 + Level 3.0 Dodging
 + Level 0.7 Stealth
 + Level 1.5 Unarmed Combat


You had 4 spell levels left.
You didn't know any spells.

Dungeon Overview and Level Annotations

Branches:
Dungeon (3/15)

Altars:
Cheibriados
Elyvilon
Nemelex Xobeh

Annotations:
D:3 hexophile's ghost, average HEFE


Innate Abilities, Weirdness & Mutations

You are too large for most types of armour.
You have claws for hands.
Your metabolism is lightning-fast.
You like to eat raw meat.
You heal very quickly.
You can eat rotten meat.
You are covered in fur (AC +1).
You have very tough skin (AC +2).


Message History

Hexophile's ghost is moderately damaged.
You closely miss hexophile's ghost.
Hexophile's ghost is moderately damaged.
Hexophile's ghost closely misses you.
You scratch hexophile's ghost.
Hexophile's ghost is heavily damaged.
Hexophile's ghost sprays you with burning goo.
The sticky flame hits you!
You are covered in liquid flames!
You miss hexophile's ghost.
Hexophile's ghost is heavily damaged.
You are covered in liquid flames!
* * * LOW HITPOINT WARNING * * *
Hexophile's ghost hits you.
* * * LOW HITPOINT WARNING * * *
You scratch hexophile's ghost.
Hexophile's ghost is heavily damaged.
You are covered in liquid flames!
You die...
Your body disappears without additional glow.

#.# #.#..##.................(...
#)# #.#.....#....###........(...
#.####.#...........##............
#....).>.........#.##........W...
#..###.##......###...#...###..###
#..# #.###...#.# #...#.(.####.###
#### ........#.# #...(...........
......####.###.(.#...........
#...... #..@Wg###....###..##
#......# #####.# ####.......#
#...... #..# ####..... ... . ##.#
#.... .# #.### .. ### #.# r#


You could see hexophile's ghost and a goblin.

Vanquished Creatures
  A necrophage (D:3)
  2 adders (D:2)
  4 gnolls (D:2)
  3 worms
  2 giant geckos
  A ball python (D:1)
  5 bats
  10 goblins
  4 hobgoblins
  3 jackals (D:2)
  7 kobolds
  A giant cockroach (D:3)
  3 giant newts
  4 rats (D:1)
50 creatures vanquished.

Notes
Turn   | Place    | Note
--------------------------------------------------------------
     0 | D:1      | mrath, the Troll Hunter, began the quest for the Orb.
     0 | D:1      | Reached XP level 1. HP: 19/19 MP: 1/1
   166 | D:1      | Reached skill level 4 in Throwing
   166 | D:1      | Reached XP level 2. HP: 24/27 MP: 1/1
   677 | D:2      | Found a sparkling altar of Nemelex Xobeh.
   694 | D:2      | Became a worshipper of Nemelex Xobeh the Trickster
   703 | D:2      | Received a gift from Nemelex Xobeh
   739 | D:2      | Reached XP level 3. HP: 33/33 MP: 2/2
  1025 | D:2      | Reached XP level 4. HP: 18/41 MP: 1/2
  1067 | D:2      | Reached skill level 5 in Throwing
  1371 | D:2      | Acquired Nemelex Xobeh's first power
  1483 | D:3      | Found a white marble altar of Elyvilon.
  1603 | D:3      | Found a snail-covered altar of Cheibriados.
  1642 | D:3      | Noticed a necrophage
  1673 | D:3      | Killed a necrophage
  1673 | D:3      | Reached XP level 5. HP: 24/47 MP: 2/2
  1775 | D:3      | Noticed hexophile's ghost (average HEFE)
  1809 | D:3      | Incinerated by hexophile's ghost

Action                   |  1- 3 |  4- 6 || total
-------------------------+-------+-------++-------
Melee: Unarmed           |    50 |    54 ||   104
Throw: Large rock        |    23 |     6 ||    29
       Throwing net      |     9 |       ||     9
       Stone             |    19 |    27 ||    46
  Use: Scroll            |     5 |     1 ||     6
       Potion            |       |     3 ||     3
  Eat: Chunk             |     5 |     6 ||    11
       Beef jerky        |     1 |       ||     1
       Bread ration      |       |     1 ||     1
